 Dungeon Crawl Stone Soup version 0.30-b1-2-g02819fbbbe (webtiles) character file.

Game seed: 16694390607752012754

72 Alarkh the Trooper (level 4, 37/37 HPs)
             Began as a Demonspawn Artificer on Nov 21, 2023.
             Got out of the dungeon alive.
             The game lasted 00:02:24 (1406 turns).

Alarkh the Trooper (Demonspawn Artificer)           Turns: 1406, Time: 00:02:25

Health: 37/37      AC:  5    Str: 10 (12) XL:     4   Next: 7%
Magic:  4/4        EV: 11    Int: 12 (15) God:
Gold:   14         SH:  0    Dex: 11 (13) Spells: 3/3 levels left

rFire   . . .        a - +0 club
rCold   . . .        (no shield)
rNeg    . . .        b - +0 leather armour
rPois   .            (no helmet)
rElec   .            (no cloak)
rCorr   .            (no gloves)
SInv    .            (no boots)
Will    .....        (no amulet)
Stlth   +            (no ring)
HPRegen 0.26/turn    (no ring)
MPRegen 0.09/turn

%: no passive effects
@: no status effects
A: thin metallic scales 1, weakness stinger 1
a: no special abilities


You escaped.
You visited 1 branch of the dungeon, and saw 2 of its levels.

You collected 14 gold pieces.

Inventory:

Hand Weapons
 a - a +0 club (weapon)
Missiles
 n - 2 atropa-tipped darts (quivered)
Armour
 b - a +0 leather armour (worn)
Wands
 d - a wand of charming (14)
 e - a wand of iceblast (5)
Scrolls
 f - 3 scrolls of noise {unknown}
 h - a scroll of fog {unknown}
 j - 2 scrolls of enchant armour {unknown}
 l - a scroll of brand weapon {unknown}
 m - a scroll of butterflies {unknown}
Potions
 g - a potion of haste
 k - a potion of degeneration


   Skills:
 + Level 4.0 Fighting
 - Level 1.7 Armour
 - Level 0.8 Dodging
 - Level 0.8 Stealth
 - Level 3.0 Evocations


You had 3 spell levels left.
You didn't know any spells.
Your spell library was empty.

Dungeon Overview and Level Annotations

Branches:
Dungeon (2/15)

Altars:


Innate Abilities, Weirdness & Mutations

You are partially covered in thin metallic scales. (AC +2)
You have a small tail.


Message History

It was a potion of haste.
You feel yourself speed up.
* * * LOW HITPOINT WARNING * * *
You feel sick.
It was a potion of degeneration.
There was something very wrong with that liquid.
You feel weakened.
You feel dopey.
You feel clumsy.
* * * LOW HITPOINT WARNING * * *
You feel sick.
It was a potion of lignification.
You turn into a tree.
Your +0 leather armour melds into your body.
Your roots penetrate the ground.
You feel sick.
You start resting.
You feel sick. x4
You are no longer poisoned.
Really attack your adder?
You catch your helpless adder completely off-guard!
You hit your adder.
You kill your adder!
Your Fighting skill increases to level 4!
You have reached level 4!
You feel clever.
Your demonic ancestry asserts itself...
Thin metallic scales grow over part of your body.
You start resting.
Your extra speed is starting to run out.
You start resting.
You feel yourself slow down.
You start resting.
Your transformation is almost over.
You feel less wooden.
Your +0 leather armour unmelds from your body.
You start resting.
HP restored.
You climb upwards.
There is a stone staircase leading down here.
There is an open door, spattered with blood here.
You see here a +0 club.
HP restored.
There is a staircase leading out of the dungeon here.
Are you sure you want to leave the Dungeon?
This will make you lose the game!
You have escaped!

#.###...## #.# ### #.#
...#.....#######.# ######.###
#.###............# #.........
#.####.#################.###.....
#......# #...........#'####
######.# #...........#(#... #.#
#...#..#..#.#'##.# #.#
#........≈..'....#
##.#########@........8.######
####.........##........§..+.....
##............##...#..#..#.#'####
#....†.######.##...........#.#...
.......##......#...........#'#.##
..........###.##########.###.....
..............#.# #..#.#.†##
...^.....####.#.# ##......##
........#####.#.###### ###.#....


There were no monsters in sight!

Vanquished Creatures
  Terence (D:2)
  2 adders (D:2)
  A worm (D:2)
  A ball python (D:1)
  3 bats (D:1)
  An endoplasm (D:1)
  2 giant cockroaches (D:1)
  3 goblins (D:1)
  3 hobgoblins (D:1)
  3 kobolds (D:1)
  A quokka (D:1)
  A frilled lizard (D:1)
  3 rats (D:1)
25 creatures vanquished.

Notes
Turn   | Place    | Note
-------+----------+-------------------------------------------
     0 | D:1      | Alarkh the Demonspawn Artificer began the quest for the
                  | Orb.
     0 | D:1      | Reached XP level 1. HP: 15/15 MP: 1/1
   213 | D:1      | Reached skill level 2 in Fighting
   240 | D:1      | Gained mutation: You have a small tail. [demonic ancestry]
   240 | D:1      | Reached XP level 2. HP: 21/22 MP: 2/2
  1119 | D:2      | Reached skill level 3 in Fighting
  1119 | D:2      | Reached XP level 3. HP: 29/29 MP: 3/3
  1125 | D:2      | Noticed Terence
  1134 | D:2      | Killed Terence
  1238 | D:2      | Reached skill level 4 in Fighting
  1238 | D:2      | Gained mutation: You are partially covered in thin metallic
                  | scales. (AC +2) [demonic ancestry]
  1238 | D:2      | Reached XP level 4. HP: 4/37 MP: 4/4
  1406 | D:$      | Got out of the dungeon alive.

Illustrated notes

Levels and vault maps discovered:
D:1:      shiori_arrival_oz, layout_loops_corners, st_stairs_3
D:2:      layout_rooms, uniq_terence, uniq_jessica

Skill      XL: |  1  2  3 |
---------------+----------+-----
Fighting       | 2 3 4 |  4.0
Armour         | |  1.7
Dodging        | |  0.8
Stealth        | |  0.8
Evocations     | |  3.0

Action                     |  1- 3 |  4- 6 || total
---------------------------+-------+-------++-------
  Melee: Club              |    89 |       ||    89
         Tailslap          |     8 |       ||     8
  Throw: Dart              |     4 |       ||     4
  Evoke: Wand              |    16 |       ||    16
    Use: Potion            |     3 |       ||     3
   Stab: Sleeping          |     2 |       ||     2
         Betrayed ally     |     1 |       ||     1
 Armour: Leather armour    |    20 |       ||    20
  Dodge: Dodged            |    60 |       ||    60
